BR (22 & UNDER)
ROY EAGLE SQUADRON @ ELKINS STING RAYS
09/19/2029
 
TOP OF THE 1ST
Roy Eagle Squadron batting - Pitching for Elkins Sting Rays : LHP Reed MacIntosh
Pitching: LHP Reed MacIntosh
Batting: RHB Kevin Hale 0-0: Ball
1-0: Ball
2-0: Foul Ball, location: 2F
2-1: Ball
3-1: Base on Balls
Batting: RHB Carl Curry 0-0: Swinging Strike
0-1: Ball
1-1: Foul Ball, location: 2F
1-2: Fly out, F8 (Flyball, 8RD)
Batting: RHB Enrique Soto 0-0: Foul Ball, location: 2F
0-1: Called Strike
0-2: Ball
1-2: Foul Ball, location: 2F
1-2: 2-RUN HOME RUN (Flyball, 7D), Distance : 402 ft
Batting: LHB Cisco Villanueva 0-0: Ball
1-0: Ball
2-0: Foul Ball, location: 2F
2-1: Foul Ball, location: 2F
2-2: Ball
3-2: Fly out, F6 (Popup, 56)
Batting: LHB Robinson González 0-0: Called Strike
0-1: SINGLE (Flyball, 9LS)
Batting: LHB Octávio Otero 0-0: Called Strike
0-1: Called Strike
0-2: Foul Ball, location: 2F
0-2: Ball
1-2: Ball
2-2: Ball
3-2: Foul Ball, location: 2F
3-2: SINGLE (Line Drive, 6D)
Robinson González to second
Robinson González to third
Batting: LHB Larry Bradley 0-0: Called Strike
0-1: Fly out, F7 (Line Drive, 7)
Top of the 1st over - 2 runs, 3 hits, 0 errors, 2 left on base; Roy 2 - Elkins 0
BOTTOM OF THE 1ST
Elkins Sting Rays batting - Pitching for Roy Eagle Squadron : RHP Orlando Peña
Pitching: RHP Orlando Peña
Batting: RHB Wayne Hanson 0-0: Ball
1-0: Ball
2-0: Foul Ball, location: 2F
2-1: Called Strike
2-2: Strikes out swinging
Batting: RHB Felipe Hernández 0-0: Ground out 6-3 (Groundball, 56)
Batting: LHB Carlos Músquez 0-0: Called Strike
0-1: Ground out 6-3 (Groundball, 6)
Bottom of the 1st over - 0 runs, 0 hits, 0 errors, 0 left on base; Roy 2 - Elkins 0
TOP OF THE 2ND
Roy Eagle Squadron batting - Pitching for Elkins Sting Rays : LHP Reed MacIntosh
Batting: RHB Mark Morris 0-0: Ball
1-0: Ball
2-0: Called Strike
2-1: Foul Ball, location: 2F
2-2: Ball
3-2: SINGLE (Groundball, 6D)
Batting: RHB Merlin Dobbin 0-0: SINGLE (Groundball, 3) (infield hit)
Mark Morris to second
Batting: RHB Kevin Hale 0-0: Called Strike
0-1: Foul Ball, location: 2F
0-2: Ball
1-2: Ball
2-2: Strikes out swinging
Batting: RHB Carl Curry 0-0: Foul Ball, location: 2F
0-1: Called Strike
0-2: Ball
1-2: Ball
2-2: Foul Ball, location: 2F
2-2: SINGLE (Groundball, 25) (infield hit)
Mark Morris to third
Merlin Dobbin to second
Batting: RHB Enrique Soto 0-0: Ball
1-0: Foul Ball, location: 2F
1-1: Foul Ball, location: 2F
1-2: Ball
2-2: Ball
3-2: Base on Balls
Mark Morris scores
Merlin Dobbin to third
Carl Curry to second
Batting: LHB Cisco Villanueva 0-0: Called Strike
0-1: Foul Ball, location: 2F
0-2: Foul Ball, location: 2F
0-2: Foul Ball, location: 2F
0-2: Foul Ball, location: 2F
0-2: Ball
1-2: Grounds into fielders choice 1-2 (Groundball, 13)
Carl Curry to third
Enrique Soto to second
Batting: LHB Robinson González 0-0: Swinging Strike
0-1: Foul Ball, location: 2F
0-2: Ball
1-2: Strikes out swinging
Top of the 2nd over - 1 run, 3 hits, 0 errors, 3 left on base; Roy 3 - Elkins 0
BOTTOM OF THE 2ND
Elkins Sting Rays batting - Pitching for Roy Eagle Squadron : RHP Orlando Peña
Batting: RHB Félix Chávez 0-0: Ground out U3 (Groundball, 3L)
Batting: LHB Preston Hamilton 0-0: Ball
1-0: SOLO HOME RUN (Flyball, 9D), Distance : 378 ft
Batting: RHB Juan González 0-0: Fly out, F7 (Flyball, 7)
Batting: RHB Peter Bannatyne 0-0: Ball
1-0: Fly out, F9 (Flyball, 9LSF)
Bottom of the 2nd over - 1 run, 1 hit, 0 errors, 0 left on base; Roy 3 - Elkins 1
TOP OF THE 3RD
Roy Eagle Squadron batting - Pitching for Elkins Sting Rays : LHP Reed MacIntosh
Batting: LHB Octávio Otero 0-0: Fly out, F9 (Flyball, 89D)
Batting: LHB Larry Bradley 0-0: Fly out, F8 (Flyball, 8LD)
Batting: RHB Mark Morris 0-0: Foul Ball, location: 2F
0-1: Foul Ball, location: 2F
0-2: Ball
1-2: Ball
2-2: Foul Ball, location: 2F
2-2: Ball
3-2: Foul Ball, location: 2F
3-2: Base on Balls
Batting: RHB Merlin Dobbin 0-0: Called Strike
0-1: Ball
1-1: Foul Ball, location: 2F
1-2: Ball
2-2: Ball
3-2: Strikes out swinging
Top of the 3rd over - 0 runs, 0 hits, 0 errors, 1 left on base; Roy 3 - Elkins 1
BOTTOM OF THE 3RD
Elkins Sting Rays batting - Pitching for Roy Eagle Squadron : RHP Orlando Peña
Batting: SHB Pete Fields 0-0: Swinging Strike
0-1: Swinging Strike
0-2: Ball
1-2: Ball
2-2: Strikes out swinging
Batting: RHB Pedro Betancourt 0-0: Foul Ball, location: 2F
0-1: Foul Ball, location: 2F
0-2: Ball
1-2: Foul Ball, location: 2F
1-2: Strikes out swinging
Batting: RHB Wayne Hanson 0-0: Ball
1-0: Ball
2-0: SOLO HOME RUN (Flyball, 7LD), Distance : 363 ft
Batting: RHB Felipe Hernández 0-0: Called Strike
0-1: Called Strike
0-2: Foul Ball, location: 2F
0-2: Ground out 6-3 (Groundball, 6)
Bottom of the 3rd over - 1 run, 1 hit, 0 errors, 0 left on base; Roy 3 - Elkins 2
TOP OF THE 4TH
Roy Eagle Squadron batting - Pitching for Elkins Sting Rays : LHP Reed MacIntosh
Batting: RHB Kevin Hale 0-0: Ball
1-0: Called Strike
1-1: Called Strike
1-2: Strikes out looking
Batting: RHB Carl Curry 0-0: Ball
1-0: Ball
2-0: Called Strike
2-1: Foul Ball, location: 2F
2-2: Strikes out looking
Batting: RHB Enrique Soto 0-0: Ball
1-0: SINGLE (Line Drive, 89S)
Batting: LHB Cisco Villanueva 0-0: Foul Ball, location: 2F
0-1: Called Strike
0-2: Ball
1-2: Ground out 4-3 (Groundball, 4)
Top of the 4th over - 0 runs, 1 hit, 0 errors, 1 left on base; Roy 3 - Elkins 2
BOTTOM OF THE 4TH
Elkins Sting Rays batting - Pitching for Roy Eagle Squadron : RHP Orlando Peña
Batting: LHB Carlos Músquez 0-0: Ball
1-0: Ball
2-0: Foul Ball, location: 2F
2-1: Swinging Strike
2-2: Strikes out looking
Batting: RHB Félix Chávez 0-0: Called Strike
0-1: Swinging Strike
0-2: Ball
1-2: Strikes out swinging
Batting: LHB Preston Hamilton 0-0: Called Strike
0-1: Ball
1-1: Fly out, F6 (Popup, 4MS)
Bottom of the 4th over - 0 runs, 0 hits, 0 errors, 0 left on base; Roy 3 - Elkins 2
TOP OF THE 5TH
Roy Eagle Squadron batting - Pitching for Elkins Sting Rays : LHP Reed MacIntosh
Pitching: RHP Jorge Alvarado
Batting: LHB Robinson González 0-0: Ball
1-0: Fly out, F7 (Flyball, 78M)
Batting: LHB Octávio Otero 0-0: Called Strike
0-1: Called Strike
0-2: SINGLE (Groundball, 3L) (infield hit)
Batting: LHB Larry Bradley 0-0: Ball
1-0: Ball
2-0: DOUBLE (Flyball, 8LD)
Octávio Otero to third
Runner from 3rd tries for Home, SAFE, no throw
Batting: RHB Mark Morris 0-0: Swinging Strike
0-1: Ground out 5-3 (Groundball, 5S)
Larry Bradley to third
Batting: RHB Merlin Dobbin 0-0: Ball
1-0: Called Strike
1-1: Ball
2-1: Called Strike
2-2: Fly out, F9 (Flyball, 89S)
Top of the 5th over - 1 run, 2 hits, 0 errors, 1 left on base; Roy 4 - Elkins 2
BOTTOM OF THE 5TH
Elkins Sting Rays batting - Pitching for Roy Eagle Squadron : RHP Orlando Peña
Batting: RHB Juan González 0-0: Foul Ball, location: 2F
0-1: Ball
1-1: Ball
2-1: Foul Ball, location: 2F
2-2: Foul Ball, location: 2F
2-2: Strikes out swinging
Batting: RHB Peter Bannatyne 0-0: Called Strike
0-1: Foul Ball, location: 2F
0-2: Strikes out swinging
Batting: SHB Pete Fields 0-0: Ground out U3 (Groundball, 3)
Bottom of the 5th over - 0 runs, 0 hits, 0 errors, 0 left on base; Roy 4 - Elkins 2
TOP OF THE 6TH
Roy Eagle Squadron batting - Pitching for Elkins Sting Rays : RHP Jorge Alvarado
Batting: RHB Kevin Hale 0-0: Ball
1-0: Ball
2-0: Swinging Strike
2-1: Ball
3-1: Swinging Strike
3-2: Strikes out swinging
Batting: RHB Carl Curry 0-0: SINGLE (Line Drive, 5)
Batting: RHB Enrique Soto 0-0: Swinging Strike
0-1: Foul Ball, location: 2F
0-2: Ball
1-2: DOUBLE (Line Drive, 89D)
Carl Curry to third
Runner from 3rd tries for Home, SAFE, no throw
Pitching: RHP Howard Everett
Batting: LHB Cisco Villanueva 0-0: Called Strike
0-1: Foul Ball, location: 2F
0-2: Foul Ball, location: 2F
0-2: Ball
1-2: Ball
2-2: Ball
3-2: Single, Error in OF, E9, batter to second base
Enrique Soto scores
Batting: LHB Robinson González 0-0: Called Strike
0-1: Fly out, F8 (Line Drive, 8LD)
Batting: LHB Octávio Otero 0-0: Ball
1-0: Foul Ball, location: 2F
1-1: Ball
2-1: Swinging Strike
2-2: Strikes out swinging
Top of the 6th over - 2 runs, 3 hits, 1 error, 1 left on base; Roy 6 - Elkins 2
BOTTOM OF THE 6TH
Elkins Sting Rays batting - Pitching for Roy Eagle Squadron : RHP Orlando Peña
Batting: RHB Pedro Betancourt 0-0: Ball
1-0: Called Strike
1-1: Ball
2-1: Ball
3-1: Called Strike
3-2: Fly out, F4 (Popup, 4S)
Batting: RHB Wayne Hanson 0-0: SINGLE (Line Drive, 7S)
Batting: RHB Felipe Hernández 0-0: Ball
1-0: Fly out, F7 (Flyball, 7S)
Batting: LHB Carlos Músquez 0-0: Called Strike
0-1: Ball
1-1: Ground out 4-3 (Groundball, 4)
Bottom of the 6th over - 0 runs, 1 hit, 0 errors, 1 left on base; Roy 6 - Elkins 2
TOP OF THE 7TH
Roy Eagle Squadron batting - Pitching for Elkins Sting Rays : RHP Howard Everett
Batting: LHB Larry Bradley 0-0: Swinging Strike
0-1: Foul Ball, location: 2F
0-2: Ball
1-2: Ball
2-2: Foul Ball, location: 2F
2-2: Ball
3-2: Foul Ball, location: 2F
3-2: Ground out 6-3 (Groundball, 6)
Batting: RHB Mark Morris 0-0: Ball
1-0: Called Strike
1-1: Foul Ball, location: 2F
1-2: Strikes out swinging
Batting: RHB Merlin Dobbin 0-0: Foul Ball, location: 2F
0-1: Called Strike
0-2: Strikes out looking
Top of the 7th over - 0 runs, 0 hits, 0 errors, 0 left on base; Roy 6 - Elkins 2
BOTTOM OF THE 7TH
Elkins Sting Rays batting - Pitching for Roy Eagle Squadron : RHP Orlando Peña
Batting: RHB Félix Chávez 0-0: Foul Ball, location: 2F
0-1: Called Strike
0-2: Strikes out swinging
Batting: LHB Preston Hamilton 0-0: Called Strike
0-1: Foul Ball, location: 2F
0-2: Strikes out swinging
Batting: RHB Juan González 0-0: Called Strike
0-1: SINGLE (Line Drive, 6MD)
Batting: RHB Peter Bannatyne 0-0: Ball
1-0: Called Strike
1-1: Foul Ball, location: 2F
1-2: Strikes out swinging
Bottom of the 7th over - 0 runs, 1 hit, 0 errors, 1 left on base; Roy 6 - Elkins 2
TOP OF THE 8TH
Roy Eagle Squadron batting - Pitching for Elkins Sting Rays : RHP Howard Everett
Batting: RHB Kevin Hale 0-0: Fly out, F7 (Flyball, 78M)
Batting: RHB Carl Curry 0-0: Ball
1-0: Foul Ball, location: 2F
1-1: Foul Ball, location: 2F
1-2: Ball
2-2: Ball
3-2: Fly out, F8 (Flyball, 8RD)
Batting: RHB Enrique Soto 0-0: SINGLE (Groundball, 6MD)
Batting: LHB Cisco Villanueva 0-0: Called Strike
0-1: Swinging Strike
0-2: Foul Ball, location: 2F
0-2: Foul Ball, location: 2F
0-2: Foul Ball, location: 2F
0-2: SINGLE (Groundball, 15S) (infield hit)
Enrique Soto to second
Pitching: LHP Cisco Sánchez
Batting: LHB Robinson González 0-0: Called Strike
0-1: Ground out U3 (Groundball, 3)
Top of the 8th over - 0 runs, 2 hits, 0 errors, 2 left on base; Roy 6 - Elkins 2
BOTTOM OF THE 8TH
Elkins Sting Rays batting - Pitching for Roy Eagle Squadron : RHP Orlando Peña
Batting: SHB Pete Fields 0-0: Called Strike
0-1: Fly out, F4 (Popup, 34)
Batting: RHB Pedro Betancourt 0-0: Fly out, F3 (Popup, 3SF)
Batting: RHB Wayne Hanson 0-0: Ball
1-0: Ball
2-0: Ball
3-0: Called Strike
3-1: Called Strike
3-2: Foul Ball, location: 2F
3-2: Strikes out swinging
Bottom of the 8th over - 0 runs, 0 hits, 0 errors, 0 left on base; Roy 6 - Elkins 2
TOP OF THE 9TH
Roy Eagle Squadron batting - Pitching for Elkins Sting Rays : LHP Cisco Sánchez
Batting: LHB Octávio Otero 0-0: Ball
1-0: Called Strike
1-1: Foul Ball, location: 2F
1-2: Ball
2-2: Ball
3-2: Strikes out swinging
Batting: LHB Larry Bradley 0-0: Called Strike
0-1: Foul Ball, location: 2F
0-2: Foul Ball, location: 2F
0-2: Strikes out swinging
Pitching: RHP Doug Thomas
Batting: RHB Mark Morris 0-0: Foul Ball, location: 2F
0-1: Ball
1-1: Ball
2-1: Ball
3-1: Ground out 2-3 (Groundball, 2R)
Top of the 9th over - 0 runs, 0 hits, 0 errors, 0 left on base; Roy 6 - Elkins 2
BOTTOM OF THE 9TH
Elkins Sting Rays batting - Pitching for Roy Eagle Squadron : RHP Orlando Peña
Batting: RHB Felipe Hernández 0-0: Ball
1-0: Ball
2-0: Swinging Strike
2-1: SINGLE (Line Drive, 6M)
Batting: LHB Carlos Músquez 0-0: Ball
1-0: Ball
Balk!
Felipe Hernández to second
2-0: Foul Ball, location: 2F
2-1: Ball
3-1: Base on Balls
Pitching: RHP Danny Owen
Batting: RHB Félix Chávez 0-0: SINGLE (Groundball, 4MD)
Felipe Hernández to third
Carlos Músquez to second
Batting: LHB Preston Hamilton 0-0: Called Strike
0-1: SINGLE (Flyball, 7S)
Felipe Hernández scores
Carlos Músquez to third
Félix Chávez to second
Batting: RHB Juan González 0-0: Ball
1-0: Ball
2-0: Ball
3-0: Base on Balls
Carlos Músquez scores
Félix Chávez to third
Preston Hamilton to second
Batting: RHB Peter Bannatyne 0-0: DOUBLE (Line Drive, 3D)
Félix Chávez scores
Preston Hamilton scores
Juan González to third
Batting: SHB Pete Fields 0-0: Ball
1-0: Ball
2-0: Called Strike
2-1: Swinging Strike
2-2: Strikes out looking
Pinch Hitting: SHB Juan Ginola 0-0: Intentional Walk
Batting: RHB Wayne Hanson 0-0: Called Strike
0-1: GRAND SLAM HOME RUN (Flyball, 7LD), Distance : 364 ft
Saturday, December 16th, 2017 - OOTP Baseball 18.8 Build 76